BSA
NASSAU ROCKETS @ HENDERSONVILLE HITMEN
07/15/2030
 
TOP OF THE 1ST
Nassau Rockets batting - Pitching for Hendersonville Hitmen : RHP Lee Hecker
Pitching: RHP Lee Hecker
Batting: LHB Andrew Alvarado 0-0: Fly out, F6 (Popup, 6MD)
Batting: LHB Dusty Wilson 0-0: Ball
1-0: Ball
2-0: Ball
3-0: Called Strike
3-1: Base on Balls
Batting: SHB Edgardo Osorio 0-0: Ball
1-0: Ball
2-0: Hit by Pitch
Dusty Wilson to second
Batting: RHB Wallace Greene 0-0: Called Strike
0-1: Ball
1-1: Ball
2-1: Foul Ball, location: 2F
2-2: Ball
Wild Pitch!
Dusty Wilson to third
Edgardo Osorio to second
3-2: SINGLE (Groundball, 34D)
Dusty Wilson scores
Edgardo Osorio to third
Runner from 3rd tries for Home, SAFE, no throw
Batting: RHB Salvador Borbón 0-0: Ball
Wallace Greene is caught stealing 2nd base
1-0: Called Strike
1-1: Ball
2-1: Fly out, F7 (Flyball, 7LMF)
Top of the 1st over - 2 runs, 1 hit, 0 errors, 0 left on base; Nassau 2 - Hendersonville 0
BOTTOM OF THE 1ST
Hendersonville Hitmen batting - Pitching for Nassau Rockets : RHP David Contreras
Pitching: RHP David Contreras
Batting: SHB Félix Montoya 0-0: Ground out 5-3 (Groundball, 56)
Batting: RHB Felipe Jareño 0-0: Called Strike
0-1: Ground out 6-3 (Groundball, 6)
Batting: LHB Robert Phillips 0-0: Fly out, F3 (Popup, 34S)
Bottom of the 1st over - 0 runs, 0 hits, 0 errors, 0 left on base; Nassau 2 - Hendersonville 0
TOP OF THE 2ND
Nassau Rockets batting - Pitching for Hendersonville Hitmen : RHP Lee Hecker
Batting: LHB Juan Romero 0-0: Swinging Strike
0-1: Ball
1-1: Swinging Strike
1-2: Fly out, F8 (Flyball, 89D)
Batting: SHB Pepe Piña 0-0: Swinging Strike
0-1: Ball
1-1: Swinging Strike
1-2: Ball
2-2: Strikes out swinging
Batting: RHB Jesús Villalobos 0-0: Foul Ball, location: 2F
0-1: Ball
1-1: Ball
2-1: Ground out 3-1 (Groundball, 23)
Top of the 2nd over - 0 runs, 0 hits, 0 errors, 0 left on base; Nassau 2 - Hendersonville 0
BOTTOM OF THE 2ND
Hendersonville Hitmen batting - Pitching for Nassau Rockets : RHP David Contreras
Batting: SHB Rick Turner 0-0: Ball
1-0: Called Strike
1-1: Ball
2-1: Ball
3-1: Swinging Strike
3-2: Base on Balls
Batting: LHB Pedro Rodríguez 0-0: Ball
1-0: Called Strike
1-1: Foul Ball, location: 2F
1-2: Ball
2-2: Ball
3-2: Foul Ball, location: 2F
3-2: Foul Ball, location: 2F
3-2: Strikes out looking
Pitching: RHP Suezo Morimoto
Batting: LHB Tommy Payne 0-0: Called Strike
0-1: Called Strike
0-2: Ball
1-2: Ball
2-2: Grounds into double play, 3-6-3 (Groundball, 3)
Bottom of the 2nd over - 0 runs, 0 hits, 0 errors, 0 left on base; Nassau 2 - Hendersonville 0
TOP OF THE 3RD
Nassau Rockets batting - Pitching for Hendersonville Hitmen : RHP Lee Hecker
Batting: RHB Kenji Kudo 0-0: SOLO HOME RUN (Flyball, 7LD), Distance : 358 ft
Batting: LHB Andrew Alvarado 0-0: Called Strike
0-1: Ball
1-1: Called Strike
1-2: Foul Ball, location: 2F
1-2: DOUBLE (Groundball, 5L)
Batting: LHB Dusty Wilson 0-0: Called Strike
0-1: Ball
1-1: TRIPLE (Flyball, 89XD)
Andrew Alvarado scores
Batting: SHB Edgardo Osorio 0-0: Ball
1-0: Called Strike
1-1: Swinging Strike
1-2: Foul Ball, location: 2F
1-2: Ball
2-2: Foul Ball, location: 2F
2-2: Fly out, F8 (Flyball, 8LD)
Runner from 3rd tags up, SCORES, throw made
Batting: RHB Wallace Greene 0-0: Fly out, F8 (Flyball, 8RD)
Batting: RHB Salvador Borbón 0-0: Ball
1-0: Foul Ball, location: 2F
1-1: Foul Ball, location: 2F
1-2: SOLO HOME RUN (Line Drive, 7D), Distance : 394 ft
Batting: LHB Juan Romero 0-0: Fly out, F7 (Flyball, 7D)
Top of the 3rd over - 4 runs, 4 hits, 0 errors, 0 left on base; Nassau 6 - Hendersonville 0
BOTTOM OF THE 3RD
Hendersonville Hitmen batting - Pitching for Nassau Rockets : RHP Suezo Morimoto
Batting: LHB Milo Glenn 0-0: Called Strike
0-1: Ball
1-1: Ball
2-1: Ground out 4-3 (Groundball, 4)
Batting: LHB Miguel García 0-0: Ball
1-0: Fly out, F8 (Flyball, 8RXD)
Batting: SHB José Estreito 0-0: Ball
1-0: Foul Ball, location: 2F
1-1: Called Strike
1-2: Strikes out swinging
Bottom of the 3rd over - 0 runs, 0 hits, 0 errors, 0 left on base; Nassau 6 - Hendersonville 0
TOP OF THE 4TH
Nassau Rockets batting - Pitching for Hendersonville Hitmen : RHP Lee Hecker
Batting: SHB Pepe Piña 0-0: SINGLE (Line Drive, 3L)
Batting: RHB Jesús Villalobos 0-0: Swinging Strike
0-1: Ball
1-1: Foul Ball, location: 2F
1-2: Foul Ball, location: 2F
1-2: Ball
2-2: Foul Ball, location: 2F
2-2: Fly out, F7 (Flyball, 7LSF)
Batting: RHB Kenji Kudo 0-0: Called Strike
0-1: Called Strike
0-2: Ball
1-2: Foul Ball, location: 2F
1-2: Strikes out looking
Batting: LHB Andrew Alvarado 0-0: Called Strike
0-1: Fly out, F8 (Flyball, 8LS)
Top of the 4th over - 0 runs, 1 hit, 0 errors, 1 left on base; Nassau 6 - Hendersonville 0
BOTTOM OF THE 4TH
Hendersonville Hitmen batting - Pitching for Nassau Rockets : RHP Suezo Morimoto
Batting: SHB Félix Montoya 0-0: Called Strike
0-1: Ground out 4-3 (Groundball, 4M)
Batting: RHB Felipe Jareño 0-0: Called Strike
0-1: Foul Ball, location: 2F
0-2: Ball
1-2: Foul Ball, location: 2F
1-2: Ball
2-2: Foul Ball, location: 2F
2-2: DOUBLE (Flyball, 8RXD)
Batting: LHB Robert Phillips 0-0: Swinging Strike
0-1: Ball
1-1: Foul Ball, location: 2F
1-2: Fly out, F7 (Flyball, 7)
Batting: SHB Rick Turner 0-0: Ball
1-0: Ball
2-0: Swinging Strike
2-1: Foul Ball, location: 2F
2-2: Ball
3-2: Ground out 4-3 (Groundball, 4)
Bottom of the 4th over - 0 runs, 1 hit, 0 errors, 1 left on base; Nassau 6 - Hendersonville 0
TOP OF THE 5TH
Nassau Rockets batting - Pitching for Hendersonville Hitmen : RHP Lee Hecker
Batting: LHB Dusty Wilson 0-0: Called Strike
0-1: Called Strike
0-2: Ground out 4-3 (Groundball, 4)
Batting: SHB Edgardo Osorio 0-0: Swinging Strike
0-1: Ground out 4-3 (Groundball, 4)
Batting: RHB Wallace Greene 0-0: Ball
1-0: Ball
2-0: Foul Ball, location: 2F
2-1: Foul Ball, location: 2F
2-2: Hit by Pitch
Batting: RHB Salvador Borbón 0-0: Swinging Strike
0-1: Ball
1-1: Fly out, F8 (Flyball, 78S)
Top of the 5th over - 0 runs, 0 hits, 0 errors, 1 left on base; Nassau 6 - Hendersonville 0
BOTTOM OF THE 5TH
Hendersonville Hitmen batting - Pitching for Nassau Rockets : RHP Suezo Morimoto
Batting: LHB Pedro Rodríguez 0-0: Fly out, F8 (Flyball, 89D)
Batting: LHB Tommy Payne 0-0: Foul Ball, location: 2F
0-1: Swinging Strike
0-2: Strikes out swinging
Batting: LHB Milo Glenn 0-0: Ball
1-0: Called Strike
1-1: Foul Ball, location: 2F
1-2: Ball
2-2: Ball
3-2: Base on Balls
Batting: LHB Miguel García 0-0: Fly out, F5 (Popup, 5F)
Bottom of the 5th over - 0 runs, 0 hits, 0 errors, 1 left on base; Nassau 6 - Hendersonville 0
TOP OF THE 6TH
Nassau Rockets batting - Pitching for Hendersonville Hitmen : RHP Lee Hecker
Batting: LHB Juan Romero 0-0: Ball
1-0: Ground out 4-3 (Groundball, 4)
Batting: SHB Pepe Piña 0-0: Ball
1-0: Called Strike
1-1: Ball
2-1: Called Strike
2-2: Foul Ball, location: 2F
2-2: Foul Ball, location: 2F
2-2: Ball
3-2: Foul Ball, location: 2F
3-2: Fly out, F9 (Flyball, 9LSF)
Batting: RHB Jesús Villalobos 0-0: Foul Ball, location: 2F
0-1: Ball
1-1: Foul Ball, location: 2F
1-2: Hit by Pitch
Batting: RHB Kenji Kudo 0-0: Called Strike
0-1: Foul Ball, location: 2F
0-2: Ball
1-2: Strikes out swinging
Top of the 6th over - 0 runs, 0 hits, 0 errors, 1 left on base; Nassau 6 - Hendersonville 0
BOTTOM OF THE 6TH
Hendersonville Hitmen batting - Pitching for Nassau Rockets : RHP Suezo Morimoto
Batting: SHB José Estreito 0-0: Called Strike
0-1: Ball
1-1: Ball
2-1: Fly out, F8 (Line Drive, 8RD)
Batting: SHB Félix Montoya 0-0: Ball
1-0: Foul Ball, location: 2F
1-1: Called Strike
1-2: Foul Ball, location: 2F
1-2: Foul Ball, location: 2F
1-2: DOUBLE (Line Drive, 89XD)
Pitching: RHP Esteban Juárez
Batting: RHB Felipe Jareño 0-0: Ball
1-0: Swinging Strike
1-1: 2-RUN HOME RUN (Line Drive, 9LD), Distance : 362 ft
Batting: LHB Robert Phillips 0-0: Ball
1-0: Ball
2-0: Foul Ball, location: 2F
2-1: SOLO HOME RUN (Flyball, 89XD), Distance : 425 ft
Pitching: RHP Bill Sampson
Batting: SHB Rick Turner 0-0: Called Strike
0-1: Foul Ball, location: 2F
0-2: Strikes out swinging
Batting: LHB Pedro Rodríguez 0-0: Called Strike
0-1: Fly out, F8 (Flyball, 89M)
Bottom of the 6th over - 3 runs, 3 hits, 0 errors, 0 left on base; Nassau 6 - Hendersonville 3
TOP OF THE 7TH
Nassau Rockets batting - Pitching for Hendersonville Hitmen : RHP Lee Hecker
Pitching: RHP Tony Murillo
Batting: LHB Andrew Alvarado 0-0: Ball
1-0: Ball
2-0: Ground out 5-3 (Groundball, 56)
Batting: LHB Dusty Wilson 0-0: Ball
1-0: Ball
2-0: Ball
3-0: Called Strike
3-1: Base on Balls
Batting: SHB Edgardo Osorio 0-0: Ball
1-0: SINGLE (Line Drive, 6D)
Dusty Wilson to second
Batting: RHB Wallace Greene 0-0: Called Strike
0-1: Ball
1-1: Ball
2-1: Grounds into double play, 4-6-3 (Groundball, 4)
Top of the 7th over - 0 runs, 1 hit, 0 errors, 1 left on base; Nassau 6 - Hendersonville 3
BOTTOM OF THE 7TH
Hendersonville Hitmen batting - Pitching for Nassau Rockets : RHP Bill Sampson
Batting: LHB Tommy Payne 0-0: Called Strike
0-1: Ball
1-1: Fly out, F5 (Popup, 25)
Batting: LHB Milo Glenn 0-0: Swinging Strike
0-1: Ball
1-1: Ball
2-1: Called Strike
2-2: Ball
3-2: Strikes out swinging
Batting: LHB Miguel García 0-0: Ball
1-0: Ball
2-0: Ball
3-0: Foul Ball, location: 2F
3-1: Base on Balls
Batting: SHB José Estreito 0-0: Ball
1-0: Fielders Choice at 2nd, 6-4 (Groundball, 6)
Bottom of the 7th over - 0 runs, 0 hits, 0 errors, 1 left on base; Nassau 6 - Hendersonville 3
TOP OF THE 8TH
Nassau Rockets batting - Pitching for Hendersonville Hitmen : RHP Tony Murillo
Batting: RHB Salvador Borbón 0-0: Foul Ball, location: 2F
0-1: Ball
1-1: Fly out, F8 (Flyball, 8RM)
Batting: LHB Juan Romero 0-0: Ball
1-0: SINGLE (Groundball, 6D)
Batting: SHB Pepe Piña 0-0: Ball
1-0: Ball
2-0: Swinging Strike
2-1: Foul Ball, location: 2F
2-2: Strikes out swinging
Batting: RHB Jesús Villalobos 0-0: Ball
1-0: Swinging Strike
1-1: Swinging Strike
1-2: Ball
2-2: Strikes out swinging
Top of the 8th over - 0 runs, 1 hit, 0 errors, 1 left on base; Nassau 6 - Hendersonville 3
BOTTOM OF THE 8TH
Hendersonville Hitmen batting - Pitching for Nassau Rockets : RHP Bill Sampson
Batting: SHB Félix Montoya 0-0: Ball
1-0: Ball
2-0: SOLO HOME RUN (Flyball, 9D), Distance : 389 ft
Batting: RHB Felipe Jareño 0-0: Swinging Strike
0-1: Called Strike
0-2: Strikes out looking
Pitching: LHP Dennis Taylor
Batting: LHB Robert Phillips 0-0: Ground out 4-3 (Groundball, 4M)
Batting: SHB Rick Turner 0-0: Reached on error, E5 (Groundball, 56S)
Batting: LHB Pedro Rodríguez 0-0: Ball
1-0: Called Strike
1-1: Ball
2-1: Fly out, F7 (Flyball, 78M)
Bottom of the 8th over - 1 run, 1 hit, 1 error, 1 left on base; Nassau 6 - Hendersonville 4
TOP OF THE 9TH
Nassau Rockets batting - Pitching for Hendersonville Hitmen : RHP Tony Murillo
Pitching: RHP Ignacio Morales
Batting: RHB Kenji Kudo 0-0: Ball
1-0: Called Strike
1-1: Swinging Strike
1-2: Foul Ball, location: 2F
1-2: Ball
2-2: DOUBLE (Flyball, 89D)
Batting: LHB Andrew Alvarado 0-0: Ball
1-0: Ball
2-0: Ball
3-0: Called Strike
3-1: Called Strike
3-2: Base on Balls
Batting: LHB Dusty Wilson 0-0: Ball
1-0: Called Strike
1-1: Called Strike
1-2: Ball
2-2: Foul Ball, location: 2F
2-2: Ball
3-2: Fielders Choice at 2nd, 4-6 (Groundball, 4)
Kenji Kudo to third
Batting: SHB Edgardo Osorio 0-0: Called Strike
0-1: Swinging Strike
0-2: SINGLE (Groundball, 4D)
Kenji Kudo scores
Dusty Wilson to second
Runner from 2nd tries for 3rd, OUT!
Edgardo Osorio to second
Batting: RHB Wallace Greene 0-0: Ball
1-0: Ground out 4-3 (Groundball, 4)
Top of the 9th over - 1 run, 2 hits, 0 errors, 1 left on base; Nassau 7 - Hendersonville 4
BOTTOM OF THE 9TH
Hendersonville Hitmen batting - Pitching for Nassau Rockets : LHP Dennis Taylor
Batting: LHB Tommy Payne 0-0: Ball
1-0: DOUBLE (Popup, 34D)
Batting: LHB Milo Glenn 0-0: Foul Ball, location: 2F
0-1: Foul Ball, location: 2F
0-2: Foul Ball, location: 2F
0-2: Ball
1-2: Foul Ball, location: 2F
1-2: Ball
2-2: Ball
3-2: Strikes out looking
Batting: LHB Miguel García 0-0: Foul Ball, location: 2F
0-1: Foul Ball, location: 2F
0-2: Ball
1-2: Foul Ball, location: 2F
1-2: Strikes out swinging
Pitching: RHP Kenkichi Morimoto
Batting: SHB José Estreito 0-0: Called Strike
0-1: Ground out 4-3 (Groundball, 4)
Bottom of the 9th over - 0 runs, 1 hit, 0 errors, 1 left on base; Nassau 7 - Hendersonville 4
Saturday, April 7th, 2018 - OOTP Baseball 18.8 Build 76